 Dungeon Crawl Stone Soup version 0.29.1-2-gbd0b4ee654 (webtiles) character file.

Game seed: 13950925006216515980

152 zeram the Caller (level 5, -1/45 HPs)
             Began as a Troll Summoner on Oct 29, 2022.
             Slain by a gnoll
             ... wielding a +0 spear
             ... led by a gnoll bouda
              (7 damage)
             ... on level 3 of the Dungeon.
             The game lasted 00:05:48 (1732 turns).

zeram the Caller (Troll Summoner)                   Turns: 1732, Time: 00:05:49

Health: -1/45      AC:  4    Str: 16    XL:     5   Next: 11%
Magic:  6/6        EV: 10    Int: 13    God:
Gold:   99         SH:  0    Dex: 10    Spells: 5/6 levels left

rFire   . . .      SeeInvis .   g - +1 trident
rCold   . . .      Faith    .   (no shield)
rNeg    . . .      Spirit   .   a - +0 robe
rPois   .          Reflect  .   (helmet restricted)
rElec   .          Harm     .   (no cloak)
rCorr   .          Rampage  .   (gloves unavailable)
Will    .....                   (boots unavailable)
Stlth   +.........              (no amulet)
HPRegen 0.95/turn               (no ring)
MPRegen 0.10/turn               (no ring)

@: no status effects
A: large, unfitting armour, claws 3, regeneration 1, shaggy fur 1, tough skin 1
a: no special abilities


You were on level 3 of the Dungeon.
You visited 1 branch of the dungeon, and saw 3 of its levels.

You collected 99 gold pieces.

Inventory:

Hand Weapons
 g - a +1 trident (weapon)
Missiles
 f - 5 stones
Armour
 a - a +0 robe (worn)
Wands
 d - a wand of digging (7)
Scrolls
 e - a scroll of noise
 h - a scroll of magic mapping
Potions
 b - a potion of magic
 c - a potion of heal wounds


   Skills:
 + Level 2.5 Dodging
 - Level 1.0 Stealth
 + Level 1.4 Spellcasting
 + Level 4.3 Summonings


You had 5 spell levels left.
You knew the following spells:

 Your Spells              Type           Power      Damage    Failure   Level
a - Summon Small Mammal   Summ           48%        N/A       4%          1

Your spell library contained the following spells:

 Spells                   Type           Power      Damage    Failure   Level
 Call Imp                 Summ           12%        N/A       7%          2
 Call Canine Familiar     Summ           12%        N/A       14%         3
 Sandblast                Erth           0%         2d4       26%         1
 Summon Guardian Golem    Hex/Summ       6%         N/A       32%         3
 Passwall                 Tmut/Erth      0%         N/A       38%         2
 Stone Arrow              Conj/Erth      0%         3d7       63%         3
 Summon Lightning Spire   Summ/Air       6%         N/A       73%         4
 Summon Forest            Summ/Tloc      3%         N/A       97%         5
 Summon Mana Viper        Hex/Summ       6%         N/A       97%         5
 Summon Horrible Things   Summ           6%         N/A       100%        8


Dungeon Overview and Level Annotations

Branches:
Dungeon (3/15)

Altars:


Innate Abilities, Weirdness & Mutations

You are too large for most types of armour.
You have claws for hands.
Your natural rate of healing is unusually fast.
You are covered in fur. (AC +1)
You have tough skin. (AC +1)


Message History

The quokka barely misses you.
You closely miss the quokka.
The gnoll is no longer moving quickly.
The quokka bites you but does no damage.
The quokka bites you.
You barely miss the quokka.
The gnoll is no longer moving quickly.
The quokka barely misses you.
The gnoll bouda gazes fiercely through you!
You feel as though you will be weak longer.
The quokka bites you.
You hit the quokka.
The quokka is heavily wounded.
The quokka bites you.
You miss the quokka.
The quokka is heavily wounded.
The quokka closely misses you. The quokka barely misses you.
You hit the quokka.
The quokka is almost dead.
The quokka barely misses you.
You closely miss the quokka.
The quokka is almost dead.
The gnoll is no longer moving quickly.
The quokka closely misses you.
The quokka bites you but does no damage.
You puncture the quokka!
You kill the quokka!
The gnoll bouda barks out a call to the hunt!
The gnolls pick up the pace!
Your attacks no longer feel as feeble.
The gnoll bouda hits you with a +0 whip of electrocution!
The gnoll hits you from afar with a +0 spear!
* * * LOW HITPOINT WARNING * * *
You hit the gnoll bouda.
The gnoll bouda is lightly wounded.
The gnoll bouda closely misses you.
The gnoll hits you from afar with a +0 spear.
* * * LOW HITPOINT WARNING * * *
The gnoll bouda barely misses you.
You hit the gnoll bouda.
The gnoll bouda is moderately wounded.
The gnoll hits you from afar with a +0 spear!
You die...

#.....)...#
#.....###.#
#.....###.###
#####.......##
#........##
#.........#
#.......#.#
#....(..#.#
#.......#@#
#.......#g##
#.......gg.#
#.......g#......r
#........##......
#........# ......
#.....?...#
....$.
#.........# .####
.........# .#


You could see a gnoll bouda and 3 gnolls.

Vanquished Creatures
  Terence (D:1)
  Jessica (D:2)
  4 adders
  A worm (D:2)
  3 dart slugs (D:2)
  4 orcs (D:3)
  5 endoplasms
  2 giant cockroaches
  6 goblins (D:2)
  2 hobgoblins (D:2)
  3 kobolds
  2 quokkas
  2 ball pythons
  7 bats
  3 frilled lizards
  5 rats
51 creatures vanquished.

Vanquished Creatures (others)
  A worm (D:2)
1 creature vanquished.

Grand Total: 52 creatures vanquished

Notes
Turn   | Place    | Note
-------+----------+-------------------------------------------
     0 | D:1      | zeram the Troll Summoner began the quest for the Orb.
     0 | D:1      | Reached XP level 1. HP: 16/16 MP: 1/1
    22 | D:1      | Reached skill level 3 in Summonings
   460 | D:1      | Reached XP level 2. HP: 24/24 MP: 2/2
   520 | D:1      | Got the Secrets of Formation
   754 | D:2      | Noticed Terence
   769 | D:1      | Killed Terence
   770 | D:1      | Reached XP level 3. HP: 8/31 MP: 2/4
   968 | D:2      | Reached XP level 4. HP: 16/39 MP: 5/5
   974 | D:2      | Reached skill level 4 in Summonings
  1090 | D:2      | Noticed Jessica
  1124 | D:2      | Killed Jessica
  1655 | D:3      | Reached XP level 5. HP: 45/45 MP: 6/6
  1732 | D:3      | Slain by a gnoll

Illustrated notes

Levels and vault maps discovered:
D:1:      lemuel_arrival_funnel, layout_basic
D:2:      layout_loops_ring, kennysheep_generic_room_5, uniq_terence,
          uniq_jessica
D:3:      layout_basic, uniq_sigmund

Skill      XL: |  1  2  3  4 |
---------------+-------------+-----
Summonings     | 3 4 |  4.3
Dodging        | 2 |  2.5
Stealth        | |  1.0
Spellcasting   | |  1.4

Action                   |  1- 3 |  4- 6 || total
-------------------------+-------+-------++-------
Melee: Unarmed           |    17 |       ||    17
       Trident           |    68 |   150 ||   218
  Use: Scroll            |     3 |     5 ||     8
       Potion            |     3 |     3 ||     6
 Stab: Invisible         |     1 |       ||     1
       Sleeping          |       |     1 ||     1
Armor: Robe              |    33 |    75 ||   108
Dodge: Dodged            |    51 |   145 ||   196
